 Dungeon Crawl Stone Soup version 0.22.1-2-g9c5b331 (webtiles) character file.

8689 WarriorsX the Carver (level 11, -11/97 HPs)
             Began as a Human Fighter on Dec 11, 2018.
             Was a High Priest of Trog.
             Mangled by a skeletal warrior
             ... wielding a +0 scimitar of slicing
              (16 damage)
             ... on level 10 of the Dungeon.
             The game lasted 00:46:51 (14209 turns).

WarriorsX the Carver (Human Fighter)               Turns: 14209, Time: 00:46:51

Health: -11/97     AC: 12    Str: 20    XL:     11   Next: 60%
Magic:  11/11      EV: 15    Int:  8    God:    Trog [*****.]
Gold:   589        SH:  0    Dex: 13    Spells: 10/10 levels left

rFire    . . .     SeeInvis .   L - +3 great sword
rCold    . . .     Gourm    .   (shield currently unavailable)
rNeg     . . .     Faith    .   b - +0 shadow dragon scales
rPois    .         Spirit   .   (no helmet)
rElec    .         Reflect  .   (no cloak)
rCorr    .         Harm     .   (no gloves)
MR       +....                  (no boots)
Stlth    ++........             (no amulet)
HPRegen  0.26/turn              c - ring of flight
MPRegen  0.12/turn              y - +4 ring of evasion

@: berserk cooldown, starving, hasted and slowed, drained
A: blurry vision 2, magic resistance 1, robust 1
a: Berserk, Trog's Hand, Brothers in Arms, Renounce Religion, Evoke Flight


You were on level 10 of the Dungeon.
You worshipped Trog.
Trog was extremely pleased with you.
You were starving.

You visited 2 branches of the dungeon, and saw 12 of its levels.

You collected 589 gold pieces.

Inventory:

Hand Weapons
 p - a +3 mace of freezing
 K - a +2 falchion of flaming
 L - a +3 great sword (weapon)
Missiles
 I - 2 silver tomahawks (quivered)
Armour
 b - +0 shadow dragon scales (worn)
Magical Staves
 a - an uncursed staff of poison {unknown}
Jewellery
 c - a ring of flight (left hand)
 y - a +4 ring of evasion (right hand)
Wands
 o - a wand of polymorph (4)
 q - a wand of paralysis (7)
 v - a wand of acid (7)
 C - a wand of disintegration (17)
Scrolls
 e - a scroll of enchant weapon
 g - 2 scrolls of remove curse
 k - 14 scrolls of identify
 m - 2 scrolls of fear
 r - 3 scrolls of enchant armour
 s - 4 scrolls of blinking
Potions
 d - 2 potions of might
 h - a potion of curing
 i - 2 potions of resistance
 l - a potion of heal wounds {unknown}
 x - a potion of ambrosia
Comestibles
 f - 15 rations
 j - 3 chunks of flesh


   Skills:
 - Level 9.3(8.1) Fighting
 * Level 9.7(8.5) Long Blades
 + Level 1.4(0.4) Maces & Flails
   Level 2.1(1.2) Polearms
 - Level 7.2(6.1) Armour
 - Level 9.2(8.0) Dodging
   Level 3.0(2.0) Shields


You had 10 spell levels left.
You didn't know any spells.
Your spell library was empty.

Dungeon Overview and Level Annotations

Branches:
Dungeon (11/15)            Temple (1/1) D:5            Lair (0/6) D:10
    Orc (0/2) D:9

Altars:
Ashenzari
Cheibriados
Dithmenos
Elyvilon
Fedhas
Gozag
Hepliaklqana
Kikubaaqudgha
Makhleb
Nemelex Xobeh
Okawaru
Qazlal
Ru
Sif Muna
Trog
Uskayaw
Vehumet
Wu Jian
Xom
Yredelemnul
Zin
The Shining One

Annotations:
D:10 exclusion: oklob plant


Innate Abilities, Weirdness & Mutations

Scrolls take you longer to read.
You are resistant to hostile enchantments. (MR+)
You are robust. (+10% HP)


Message History

You feel yourself slow down.
An orc comes into view. It is wielding a short sword.
The orc moves out of view.
An orc wizard comes into view. It is wielding a dagger.
There is an escape hatch in the ceiling here.
The skeletal warrior closely misses you.
You riposte.
The orc shouts!
The orc wizard shouts!
You slash the skeletal warrior!
The skeletal warrior is heavily damaged.
The orc wizard mumbles some strange words.
The orc wizard seems to speed up.
The skeletal warrior barely misses you.
You riposte.
You hit the skeletal warrior.
The skeletal warrior is severely damaged.
A mysterious force pulls you upwards. The hatch slams shut behind you.
Level annotation: exclusion: oklob plant Unknown command.
You feel yourself speed up.
The skeletal warrior hits you with a scimitar of slicing!
You die...

.####.############
.# #............# .#
############.# ##
#..# .######### #.##
.#.......# ###.###
.........# #...#.#
....)....# #.##z.#
.........####.##@##
....######.......##
..#######.........##
..))(...(..........#
..######...........#
.)######...........#
.)....##..........##
..#......#...#...##
#.#...#####.###.##


You could see a skeletal warrior.

Vanquished Creatures
  A hydra (D:9)
  A two-headed ogre (D:9)
  An unseen horror (D:9)
  2 kobold demonologists (D:9)
  A troll (D:10)
  Prince Ribbit (D:7)
  A hornet (D:9)
  2 dream sheep (D:9)
  A vampire (D:8)
  2 yaks (D:9)
  3 hungry ghosts
  2 sky beasts
  3 phantoms (D:7)
  7 orc warriors
  6 ogres
  A crocodile (D:10)
  The ghost of Goblin1989 the Covert, an amateur OpAs of Gozag (D:3)
  4 big kobolds (D:9)
  5 bullfrogs
  A gnoll sergeant (D:9)
  4 scorpions
  7 wights
  3 howler monkeys
  4 crimson imps
  3 quasits
  A centaur zombie (D:7)
  4 hounds
  A bullfrog zombie (D:9)
  A jelly (D:8)
  4 orc priests
  2 bullfrog skeletons
  7 orc wizards
  An iguana (D:5)
  5 worker ants
  A hound zombie (D:6)
  A hound skeleton (D:6)
  A howler monkey zombie (D:7)
  3 worker ant zombies
  Robin (D:3)
  10 gnolls
  18 adders
  A howler monkey skeleton (D:5)
  A shadow imp (D:9)
  An adder skeleton (D:6)
  An adder zombie (D:5)
  3 worms
  2 dart slugs (D:2)
  55 orcs
  6 bats
  8 giant cockroaches
  16 goblins
  10 hobgoblins
  12 jackals
  8 kobolds
  5 quokkas
  5 frilled lizards
  A jackal skeleton (D:4)
  A quokka skeleton (D:5)
  6 rats
270 creatures vanquished.

Vanquished Creatures (others)
  7 plants
7 creatures vanquished.

Grand Total: 277 creatures vanquished

Notes
Turn   | Place    | Note
-------+----------+-------------------------------------------
     0 | D:1      | WarriorsX the Human Fighter began the quest for the Orb.
     0 | D:1      | Reached XP level 1. HP: 18/18 MP: 1/1
   222 | D:1      | Reached XP level 2. HP: 21/24 MP: 2/2
   600 | D:1      | Reached XP level 3. HP: 30/30 MP: 3/3
  1040 | D:2      | Reached XP level 4. HP: 18/38 MP: 4/4
  1602 | D:2      | Reached skill level 5 in Fighting
  1861 | D:3      | Found a bloodstained altar of Trog.
  1889 | D:2      | Reached XP level 5. HP: 24/44 MP: 5/5
  2543 | D:3      | Became a worshipper of Trog the Wrathful
  2659 | D:3      | Reached skill level 1 in Dodging
  2753 | D:3      | Reached skill level 1 in Polearms
  2787 | D:3      | Noticed Robin
  2797 | D:3      | Killed Robin
  2802 | D:3      | Reached * piety under Trog
  2822 | D:3      | Reached XP level 6. HP: 22/51 MP: 6/6
  3047 | D:3      | Found a runed gate.
  3047 | D:3      | Found a runed gate.
  3048 | D:3      | Found a runed gate.
  3050 | D:3      | Noticed Goblin1989's ghost (amateur OpAs)
  3088 | D:3      | Gained mutation: You are robust. (+10% HP) [potion of
                  | mutation]
  3088 | D:3      | Gained mutation: You are resistant to hostile enchantments.
                  | (MR+) [potion of mutation]
  3161 | D:3      | Found a glowing silver altar of Zin.
  3161 | D:3      | Noticed an angel
  3619 | D:3      | Killed Goblin1989's ghost
  3901 | D:4      | Reached XP level 7. HP: 61/61 MP: 7/7
  4153 | D:4      | HP: 3/61 [orc priest/nerve-wracking pain (3)]
  4453 | D:4      | Reached ** piety under Trog
  4495 | D:4      | Reached skill level 5 in Armour
  4740 | D:4      | Found a hazy altar of Hepliaklqana.
  4972 | D:5      | Entered Level 5 of the Dungeon
  5275 | D:5      | Reached XP level 8. HP: 70/70 MP: 8/8
  5657 | D:5      | Found a staircase to the Ecumenical Temple.
  5707 | Temple   | Entered the Ecumenical Temple
  6191 | D:6      | Found a basalt altar of Yredelemnul.
  6882 | D:5      | Reached skill level 5 in Long Blades
  7191 | D:6      | Found a shattered altar of Ashenzari.
  7353 | D:6      | Found an iron altar of Okawaru.
  7488 | D:7      | Reached XP level 9. HP: 68/78 MP: 9/9
  8117 | D:7      | Noticed Prince Ribbit
  8136 | D:7      | Killed Prince Ribbit
  8136 | D:7      | Reached *** piety under Trog
  8392 | D:7      | Found a shattered altar of Ashenzari.
  9783 | D:8      | Reached XP level 10. HP: 90/91 MP: 10/10
 10207 | D:9      | Noticed a kobold demonologist
 10315 | D:9      | Reached **** piety under Trog
 10432 | D:9      | Noticed a kobold demonologist
 10624 | D:9      | Noticed a soul eater
 10634 | D:9      | Noticed a soul eater
 10669 | D:9      | Gained mutation: Scrolls take you a little longer to read.
                  | [a neqoxec]
 10676 | D:9      | Gained mutation: Scrolls take you longer to read. [a
                  | neqoxec]
 11381 | D:9      | Found a staircase to the Orcish Mines.
 11428 | D:9      | Reached skill level 5 in Dodging
 11435 | D:9      | Paralysed by fainting for 5 turns
 11505 | D:9      | Paralysed by a hornet for 1 turns
 11510 | D:9      | Paralysed by a hornet for 1 turns
 11840 | D:9      | Found a deep blue altar of Sif Muna.
 11841 | D:9      | Found a stormy altar of Qazlal.
 11841 | D:9      | Found a shadowy altar of Dithmenos.
 11842 | D:9      | Found an ancient bone altar of Kikubaaqudgha.
 12000 | D:9      | Noticed a sixfirhy
 12001 | D:9      | Noticed an orange demon
 12016 | D:9      | Noticed a sun demon
 12018 | D:9      | Killed a kobold demonologist
 12029 | D:9      | Killed a kobold demonologist
 12063 | D:9      | Noticed a three-headed hydra
 12076 | D:9      | Killed a three-headed hydra
 12076 | D:9      | Reached XP level 11. HP: 51/97 MP: 11/11
 12462 | D:10     | Entered Level 10 of the Dungeon
 12462 | D:10     | Found a staircase to the Lair.
 12462 | D:10     | Noticed an oklob plant
 12665 | D:9      | Killed an unseen horror
 13133 | D:10     | Reached ***** piety under Trog
 13446 | D:10     | Noticed a two-headed ogre
 13493 | D:9      | Killed a two-headed ogre
 13493 | D:9      | Reached skill level 1 in Maces & Flails
 14166 | D:11     | Noticed a skeletal warrior
 14196 | D:11     | HP: 3/145 [skeletal warrior/scimitar of slicing (7)]
 14209 | D:10     | Mangled by a skeletal warrior

Skill      XL: |  1  2  3  4  5  6  7  8  9 10 11 |
---------------+----------------------------------+-----
Fighting       | 4 5 6 9 |  9.3
Dodging        | 1 3 8 9 |  9.2
Polearms       | 1 2 |  2.1
Armour         | 5 7 |  7.2
Long Blades    | 6 7 9 |  9.7
Maces & Flails | 1 |  1.4
Shields        | |  3.0

Action                   |  1- 3 |  4- 6 |  7- 9 | 10-12 || total
-------------------------+-------+-------+-------+-------++-------
Melee: Long sword        |    75 |    86 |       |       ||   161
       Spear             |       |   152 |   175 |       ||   327
       Mace              |       |       |   312 |   377 ||   689
       Great sword       |       |       |       |    76 ||    76
       Falchion          |       |       |       |    40 ||    40
Invok: Berserk           |       |       |       |     6 ||     6
Evoke: Wand              |       |       |     2 |     2 ||     4
  Use: Potion            |       |     5 |     2 |     3 ||    10
       Scroll            |       |       |     8 |     6 ||    14
 Stab: Paralysed         |       |       |     8 |       ||     8
       Sleeping          |       |       |     2 |     1 ||     3
  Eat: Chunk             |       |    10 |    12 |    21 ||    43
       Ration            |       |       |     2 |     2 ||     4
Armor: Scale mail        |    50 |   100 |    46 |       ||   196
       Chain mail        |       |       |    46 |       ||    46
       Shadow dragon sca |       |       |    43 |   315 ||   358
       Plate armour      |       |       |    25 |       ||    25
       Skin              |       |       |    11 |       ||    11
Dodge: Dodged            |    45 |   118 |   297 |   544 ||  1004
       Rpst.: Long sword |    17 |    20 |       |       ||    37
       Great sword       |       |       |       |    19 ||    19
       Falchion          |       |       |       |     6 ||     6
